 Dungeon Crawl Stone Soup version 0.18-a0-1745-gffa9a88 (webtiles) character file.

20535 Eucla the Fighter (level 12, -4/64 HPs)
             Began as a Felid Monk on Apr 9, 2016.
             Was the Champion of Nemelex Xobeh.
             Splashed by an oklob plant's acid (10 damage)
             ... on level 6 of the Lair of Beasts on Apr 11, 2016.
             The game lasted 00:50:05 (19086 turns).

Eucla the Fighter (Felid Monk)                     Turns: 19086, Time: 00:50:06

Health: -4/64      AC: -9    Str: 11    XL:     12   Next: 46%
Magic:  21/21      EV: 28    Int: 14    God:    Nemelex Xobeh [******]
Gold:   1016       SH:  0    Dex: 22    Spells: 2 memorised, 6 levels left
                                        Lives:  0   Deaths: 3

rFire  + . .     SeeInvis +       - Unarmed
rCold  + . .     Gourm    .     (armour unavailable)
rNeg   . . .     Faith    .     (shield unavailable)
rPois  .         Spirit   .     (helmet unavailable)
rElec  .         Dismiss  .     (cloak unavailable)
rCorr  .         Reflect  .     (gloves unavailable)
SustAt .         Harm     .     (boots unavailable)
MR     +....                    c - amulet of magic regeneration
Stlth  ++++++++..               L - ring of Xom's Bemusement {+Inv +Fly Int+2 Dex+3 Stlth+}
                                r - ring of protection from fire

@: corroded, quick, somewhat resistant to hostile enchantments, extraordinarily
stealthy
A: no armour, no weapons or thrown items, claws 1, fangs 3, see invisible,
carnivore 3, speed 1, mutation resistance 1, shaggy fur 3, slow metabolism 1,
sharp paws
a: Triple Draw, Deal Four, Stack Five, Renounce Religion, Evoke Invisibility,
Evoke Flight


You were on level 6 of the Lair of Beasts.
You worshipped Nemelex Xobeh.
Nemelex Xobeh was exalted by your worship.
You were not hungry.

You visited 3 branches of the dungeon, and saw 15 of its levels.
You also visited: Volcano.

You collected 1066 gold pieces.

Inventory:

Jewellery
 c - an amulet of magic regeneration (around neck)
 r - a ring of protection from fire (left paw)
 x - an uncursed ring of ice
 L - the ring of Xom's Bemusement (right paw) {+Inv +Fly Int+2 Dex+3 Stlth+}
   (You found it on level 2 of the Lair of Beasts)

   [ring of flight]

   It affects your intelligence (+2).
   It affects your dexterity (+3).
   It lets you turn invisible.
   It lets you fly.
   It makes you more stealthy.
 T - a +6 ring of slaying {unknown}
Wands
 b - a wand of disintegration (4/24)
 e - a wand of heal wounds (0/9)
 f - a wand of slowing (21/48)
 t - a wand of hasting (3/9)
 A - a wand of iceblast (12/15)
 B - a wand of hasting (5/9)
 C - a wand of paralysis (2/24)
 D - a wand of disintegration (14/24)
 F - a wand of acid (3/15)
 G - a wand of confusion (12/48)
 H - a wand of flame (17/48)
 U - a wand of random effects (33/48)
Scrolls
 d - 3 scrolls of remove curse
 n - 2 scrolls of fear
 y - 5 scrolls of amnesia
 E - a scroll of silence {unknown}
 J - a scroll of fog
 N - 3 scrolls of identify
 P - a scroll of summoning
Potions
 g - a potion of haste
 h - a potion of resistance
 i - 2 potions of flight
 k - 2 potions of brilliance
 l - a potion of magic
 o - 3 potions of berserk rage
 q - 3 potions of might
 w - 2 potions of cure mutation
 z - 4 potions of agility
 M - a potion of curing
 R - a potion of invisibility {unknown}
Books
 p - a book of Frost

   Spells                             Type                      Level
   a - Freeze                         Ice                          1
   b - Throw Frost                    Conjuration/Ice              2
   c - Ozocubu's Armour               Charms/Ice                   3
   d - Throw Icicle                   Conjuration/Ice              4
   e - Summon Ice Beast               Ice/Summoning                4
 v - a book of Maledictions

   Spells                             Type                      Level
   a - Corona                         Hexes                        1
   b - Ensorcelled Hibernation        Hexes/Ice                    2
   c - Confuse                        Hexes                        3
   d - Tukima's Dance                 Hexes                        3
   e - Dazzling Spray                 Conjuration/Hexes            3
Miscellaneous
 j - a legendary deck of escape
 s - an ornate deck of escape
 I - an ornate deck of escape {drawn: 1}
 K - a fan of gales (inert)
 O - a plain deck of destruction {drawn: 5}
 Q - a legendary deck of destruction
 S - an ornate deck of destruction
 V - an ornate deck of destruction
Comestibles
 a - 7 meat rations
 m - a slice of pizza
 u - 9 beef jerkies


   Skills:
 * Level 14.1 Fighting
 - Level 9.5 Dodging
 * Level 12.6 Stealth
 + Level 10.8 Unarmed Combat
 + Level 10.7 Evocations


You had 6 spell levels left.
You knew the following spells:

 Your Spells              Type           Power        Failure   Level  Hunger
a - Ozocubu's Armour      Chrm/Ice       #.......     83%         3    ####...
b - Ensorcelled Hibernat  Hex/Ice        #.....       43%         2    ###....


Dungeon Overview and Level Annotations

Branches:
Dungeon (8/15)             Temple (1/1) D:4            Lair (6/8) D:8
  Swamp (0/4) Lair:4       Spider (0/4) Lair:4        Slime (0/6) Lair:6

Altars:
Ashenzari
Cheibriados
Elyvilon
Fedhas
Gozag
Kikubaaqudgha
Makhleb
Nemelex Xobeh
Okawaru
Pakellas
Qazlal
Ru
Sif Muna
Trog
Vehumet
Xom
Yredelemnul
Zin

Shops:
D:6 (

Annotations:
Lair:6 exclusion: oklob plant


Innate Abilities, Weirdness & Mutations

You cannot wear armour.
You are incapable of wielding weapons or throwing items.
You have sharp claws.
You have razor-sharp teeth.
You have supernaturally acute eyesight.
You are carnivorous and can eat meat at any time.
You cover ground quickly.
Your thick and shaggy fur keeps you warm (AC +3, rC+).
You have a slow metabolism.
Your sharp claws are effective at attacking unaware monsters.
You are somewhat resistant to further mutation.


Message History

Anything else - Stay silent.
Gang up on whom?
Press: ? - help, Dir - move target cursor, f/p - oklob plant
Aim: an oklob plant (lightly damaged) Attack!
The fungus is struck by lightning.
You destroy the fungus!
The oklob plant spits acid at you. The splash of acid hits you!
The acid corrodes you!
The acid burns!
Unknown command.
You feel less vulnerable to poison.
Lightning arcs down from a storm cloud! x2
Lightning arcs down from a storm cloud! x2
Really walk into a travel-excluded area?
You swap places.
The oklob plant spits acid at you. The splash of acid hits you!
* * * LOW HITPOINT WARNING * * *
The acid burns!
You die...
Your body glows with a rainbow of weird colours and disappears.

.>.# ##..#####...##
#..# #....##P....#
#..# ###..#####.###
P..####..!P# #..P#
.[.#..#.#..#####.§##
..........###.#§§#§#
...........##§§§§§##
............§§§...§#
....##......§§§E@.§#
..PP###.....§§§...§#
..PP# #......§§§§.##
%P.####..P..§.§§§§#
....P#......§§§§§§#
............#.#..##
P÷.k...........P..
.÷.FY.F.%.......PP
..##..Y......


You could see an oklob plant and a friendly air elemental.

Vanquished Creatures
  Fannar (Lair:2)
  A hydra (Lair:2)
  5 death yaks
  A lindwurm (Lair:5)
  The ghost of Ultraviolent4 the Skirmisher, a novice FoIE of the Shining One (D:4)
  An octopode (Lair:3)
  4 elephants
  2 black mambas
  A torpor snail (Lair:5)
  9 spiny frogs
  3 rime drakes
  6 komodo dragons
  A polar bear (Lair:5)
  A jumping spider (Lair:3)
  9 blink frogs
  2 giant leeches (Lair:4)
  2 two-headed ogres (D:8)
  6 yaks
  A basilisk (Lair:2)
  A fire bat (Volcano)
  A hog (Volcano)
  8 hippogriffs
  5 porcupines
  13 water moccasins
  An orc warrior (D:7)
  An ice beast (D:7)
  4 sky beasts
  A phantom (D:8)
  2 centaurs
  3 wolves (Lair:4)
  3 ogres
  10 crocodiles
  16 giant frogs
  A gnoll sergeant (D:8)
  4 scorpions
  A water moccasin skeleton (D:7)
  A centaur zombie (D:5)
  4 crimson imps
  A giant frog zombie (D:5)
  A quasit (D:7)
  A hound (D:6)
  3 orc priests
  The ghost of smazza the Scratcher, a weakling FeTm (D:3)
  2 giant frog skeletons
  8 iguanas
  6 worker ants
  A statue (D:4)
  A killer bee zombie (D:7)
  A sheep (D:8)
  A hound skeleton (D:8)
  A howler monkey zombie (D:8)
  5 gnolls
  8 adders
  28 river rats
  2 oozes
  An adder zombie (D:3)
  An adder skeleton (D:5)
  5 worms
  7 dart slugs
  6 giant geckos
  13 orcs
  4 giant cockroaches
  9 goblins
  12 hobgoblins
  16 jackals
  4 kobolds
  3 quokkas
  2 ball pythons
  9 bats
  A giant gecko skeleton (D:4)
  15 giant newts
  2 quokka skeletons
  2 quokka zombies (D:5)
  8 rats
  A butterfly (Lair:5)
  2 fungi (Lair:6)
  2 plants (Lair:1)
333 creatures vanquished.

Vanquished Creatures (collateral kills)
  3 hydras
  6 death yaks
  Nergalle (Lair:1)
  The ghost of Ultraviolent4 the Skirmisher, a novice FoIE of the Shining One (D:6)
  A wolf spider (Lair:4)
  2 deep elf magi (Volcano)
  5 elephants
  2 black mambas (Lair:5)
  2 spiny frogs (Lair:6)
  A komodo dragon (Lair:6)
  A rime drake (Lair:6)
  A blink frog (Lair:3)
  Grinder (D:5)
  A two-headed ogre (Lair:1)
  6 yaks (Lair:6)
  A hell hound (Volcano)
  A porcupine (Lair:1)
  2 orc warriors (Volcano)
  A centaur (Volcano)
  2 crocodiles
  2 giant frogs
  A scorpion (Lair:1)
  2 iguanas
  A gnoll (D:8)
  An adder (D:8)
  2 river rats (Lair:5)
  An orc (D:8)
51 creatures vanquished.

Vanquished Creatures (others)
  A kobold (D:2)
  A quokka (D:2)
  A giant newt (D:2)
  A bush (Lair:2)
  A fungus (Lair:4)
5 creatures vanquished.

Grand Total: 389 creatures vanquished

Notes
Turn   | Place    | Note
--------------------------------------------------------------
     0 | D:1      | Eucla the Felid Monk began the quest for the Orb.
     0 | D:1      | Reached XP level 1. HP: 10/10 MP: 2/2
   297 | D:1      | Reached XP level 2. HP: 14/14 MP: 3/3
   852 | D:2      | Reached XP level 3. HP: 17/17 MP: 4/4
   937 | D:2      | Found an oddly glowing altar of Pakellas.
   940 | D:2      | Found an ancient bone altar of Kikubaaqudgha.
  1391 | D:2      | Reached skill level 4 in Fighting
  1645 | D:2      | Reached XP level 4. HP: 8/22 MP: 5/5
  2141 | D:2      | Slain by a worm
  2142 | D:2      | Reached XP level 3. HP: -2/18 MP: 4/4
  2375 | D:2      | Found a white marble altar of Elyvilon.
  2453 | D:2      | Reached XP level 4. HP: 19/22 MP: 5/5
  2513 | D:2      | Reached skill level 5 in Dodging
  2930 | D:3      | Found a shattered altar of Ashenzari.
  3502 | D:3      | Reached XP level 5. HP: 25/25 MP: 6/6
  3760 | D:3      | Reached skill level 5 in Fighting
  3821 | D:3      | Found a snail-covered altar of Cheibriados.
  3822 | D:3      | Noticed smazza's ghost (weakling FeTm)
  3842 | D:3      | Killed smazza's ghost
  4476 | D:4      | Noticed Ultraviolent4's ghost (novice FoIE)
  4726 | D:4      | Found a staircase to the Ecumenical Temple.
  4731 | Temple   | Entered the Ecumenical Temple
  4810 | Temple   | Became a worshipper of Nemelex Xobeh the Trickster
  4810 | Temple   | Received a gift from Nemelex Xobeh
  4810 | Temple   | Reached * piety under Nemelex Xobeh
  4810 | Temple   | Received a gift from Nemelex Xobeh
  4810 | Temple   | Reached ** piety under Nemelex Xobeh
  4883 | D:4      | Reached skill level 5 in Unarmed Combat
  4899 | D:4      | Noticed Edmund
  4917 | D:4      | Noticed Edmund
  4917 | D:4      | Edmund changed into Edmund the iguana
  4922 | D:4      | Killed Edmund the iguana
  4922 | D:4      | Gained mutation: You are covered in thick fur (AC +2). [Felid growth]
  4922 | D:4      | Reached XP level 6. HP: 25/30 MP: 7/7
  5079 | D:4      | Found a stormy altar of Qazlal.
  5089 | D:4      | Reached skill level 1 in Evocations
  5095 | D:4      | Found a sacrificial altar of Ru.
  5102 | D:4      | Found a blossoming altar of Fedhas.
  5152 | D:4      | Killed Ultraviolent4's ghost
  5152 | D:4      | Reached skill level 6 in Fighting
  5152 | D:4      | Reached XP level 7. HP: 16/34 MP: 7/9
  5457 | D:4      | Found a radiant altar of Vehumet.
  5617 | D:4      | Gained mutation: You regenerate slowly when monsters are visible. [potion of mutation]
  5617 | D:4      | Gained mutation: You are clumsy. (Dex -2) [potion of mutation]
  5617 | D:4      | Gained mutation: Your skin changes colour to match your surroundings (Stealth). [potion of mutation]
  5618 | D:4      | Lost mutation: You are clumsy. (Dex -2) [potion of cure mutation]
  5618 | D:4      | Lost mutation: Your skin changes colour to match your surroundings (Stealth). [potion of cure mutation]
  5618 | D:4      | Lost mutation: You regenerate slowly when monsters are visible. [potion of cure mutation]
  5656 | D:5      | Entered Level 5 of the Dungeon
  5753 | D:5      | Noticed Grinder
  5769 | D:5      | Killed Grinder
  5769 | D:5      | Reached XP level 8. HP: 27/39 MP: 11/11
  5810 | D:5      | Learned a level 3 spell: Ozocubu's Armour
  5954 | D:5      | Reached skill level 7 in Fighting
  6763 | D:6      | Noticed Ultraviolent4's ghost (novice FoIE)
  6784 | D:6      | Noticed a green ugly thing
  6844 | D:6      | Killed Ultraviolent4's ghost
  6844 | D:6      | Reached skill level 8 in Fighting
  7115 | D:6      | Reached *** piety under Nemelex Xobeh
  7374 | D:6      | Reached XP level 9. HP: 45/45 MP: 13/13
  7377 | D:6      | Found Posiumej's Weapon Shoppe.
  7650 | D:7      | Reached skill level 5 in Evocations
  7875 | D:7      | Found a shimmering altar of Xom.
  7905 | D:7      | Gained mutation: You are clumsy. (Dex -2) [mutagenic meat]
  7906 | D:7      | Gained mutation: You are somewhat resistant to further mutation. [mutagenic meat]
  7920 | D:7      | Received a gift from Nemelex Xobeh
  8226 | D:7      | Found a glowing silver altar of Zin.
  8441 | D:8      | Reached skill level 9 in Fighting
  8507 | D:8      | Noticed a brown ugly thing
  8523 | D:8      | Slain by a brown ugly thing
  8524 | D:8      | Reached XP level 8. HP: -1/42 MP: 13/13
  8713 | D:8      | Found a staircase to the Lair.
  8713 | D:8      | Noticed an elephant
  8714 | D:8      | Received a gift from Nemelex Xobeh
  8723 | D:8      | Killed an elephant
  8742 | D:8      | Reached XP level 9. HP: 12/46 MP: 14/14
  8746 | D:8      | Lost mutation: You are clumsy. (Dex -2) [mutagenic meat]
  8970 | D:8      | Reached **** piety under Nemelex Xobeh
  9015 | D:8      | Received a gift from Nemelex Xobeh
  9359 | D:8      | Reached skill level 10 in Fighting
  9439 | Lair:1   | Entered Level 1 of the Lair of Beasts
  9468 | Lair:1   | Noticed a four-headed hydra
  9471 | Lair:1   | Noticed a four-headed hydra
  9471 | Lair:1   | Noticed a komodo dragon
  9476 | Lair:1   | Killed a four-headed hydra
  9484 | Lair:1   | Killed a komodo dragon
  9487 | Lair:1   | Killed a four-headed hydra
  9492 | Lair:1   | Reached XP level 10. HP: 28/51 MP: 16/16
  9673 | Lair:1   | Noticed Nergalle
  9705 | Lair:1   | Killed Nergalle
  9760 | Lair:1   | HP: 1/51 [porcupine (11)]
  9764 | Lair:1   | Noticed a spiny frog
  9825 | Lair:1   | a spiny frog changed into a two-headed ogre
  9836 | Lair:1   | Noticed a black mamba
  9844 | Lair:1   | Killed a black mamba
  9844 | Lair:1   | Reached skill level 5 in Stealth
  9900 | Lair:1   | Reached skill level 11 in Fighting
 10168 | Lair:1   | Noticed a spiny frog
 10185 | Lair:1   | Killed a spiny frog
 10306 | Lair:1   | Received a gift from Nemelex Xobeh
 10696 | Lair:2   | Noticed Fannar
 10790 | Lair:2   | Killed Fannar
 10817 | Lair:2   | Identified a scroll of acquirement
 10849 | Lair:2   | Got a scintillating jade ring
 10852 | Lair:2   | Received a gift from Nemelex Xobeh
 10872 | Lair:2   | Identified the ring of Xom's Bemusement {+Inv +Fly Int+2 Dex+3 Stlth+} (You found it on level 2 of the Lair of Beasts)
 10973 | Lair:2   | Noticed a spiny frog
 10980 | Lair:2   | Killed a spiny frog
 10980 | Lair:2   | Reached XP level 11. HP: 55/55 MP: 18/18
 11076 | Lair:2   | Noticed a six-headed hydra
 11084 | Lair:2   | Killed a six-headed hydra
 11179 | Lair:2   | Reached ***** piety under Nemelex Xobeh
 11227 | Lair:2   | Received a gift from Nemelex Xobeh
 11829 | Lair:3   | Received a gift from Nemelex Xobeh
 11954 | Lair:3   | Reached skill level 12 in Fighting
 11965 | Lair:3   | Noticed a death yak
 11967 | Lair:3   | Noticed a death yak
 11968 | Lair:3   | Noticed a death yak
 11969 | Lair:3   | Noticed a death yak
 11969 | Lair:3   | Noticed a death yak
 11970 | Lair:3   | Noticed a death yak
 11996 | Lair:3   | Killed a death yak
 12003 | Lair:3   | Killed a death yak
 12005 | Lair:3   | Killed a death yak
 12005 | Lair:3   | Killed a death yak
 12010 | Lair:3   | Killed a death yak
 12017 | Lair:3   | Killed a death yak
 12638 | Lair:4   | Received a gift from Nemelex Xobeh
 13367 | Lair:4   | Found a hole to the Spider Nest.
 13368 | Lair:4   | Noticed a wolf spider
 13370 | Lair:4   | Received a gift from Nemelex Xobeh
 14168 | Lair:4   | Killed a wolf spider
 14330 | Lair:4   | Reached skill level 10 in Unarmed Combat
 14330 | Lair:4   | Gained mutation: Your thick and shaggy fur keeps you warm (AC +3, rC+). [Felid growth]
 14330 | Lair:4   | Reached XP level 12. HP: 57/61 MP: 20/20
 14411 | Lair:4   | Found a staircase to the Swamp.
 14967 | Lair:4   | Reached skill level 13 in Fighting
 15539 | Lair:5   | Noticed a death yak
 15541 | Lair:5   | Reached skill level 10 in Stealth
 15547 | Lair:5   | Killed a death yak
 15590 | Lair:5   | Found a dark tunnel.
 15647 | Volcano  | Entered a volcano
 15662 | Volcano  | Reached skill level 10 in Evocations
 15985 | Lair:5   | Received a gift from Nemelex Xobeh
 16010 | Lair:5   | Slain by a black mamba
 16011 | Lair:5   | Reached XP level 11. HP: 0/58 MP: 19/19
 16866 | Lair:5   | Reached ****** piety under Nemelex Xobeh
 16956 | Lair:5   | Learned a level 2 spell: Ensorcelled Hibernation
 16987 | Lair:5   | Received a gift from Nemelex Xobeh
 18062 | Lair:6   | Received a gift from Nemelex Xobeh
 18294 | Lair:6   | Noticed a five-headed hydra
 18302 | Lair:6   | Killed a five-headed hydra
 18302 | Lair:6   | Reached XP level 12. HP: 63/63 MP: 20/20
 18332 | Lair:6   | Noticed a death yak
 18337 | Lair:6   | Noticed a death yak
 18337 | Lair:6   | Noticed a death yak
 18338 | Lair:6   | Noticed a death yak
 18340 | Lair:6   | Killed a death yak
 18341 | Lair:6   | Killed a death yak
 18349 | Lair:6   | Killed a death yak
 18349 | Lair:6   | Reached skill level 14 in Fighting
 18353 | Lair:6   | Killed a death yak
 18370 | Lair:6   | Upgraded the game from 0.18-a0-1720-g8df8b1a to 0.18-a0-1745-gffa9a88
 18705 | Lair:6   | Received a gift from Nemelex Xobeh
 18891 | Lair:6   | Found a staircase to the Slime Pits.
 19046 | Lair:6   | Noticed a five-headed hydra
 19051 | Lair:6   | Received a gift from Nemelex Xobeh
 19086 | Lair:6   | Splashed by an oklob plant's acid

Vault maps used:
D:1:      dpeg_arrival_renting
D:2:      wad_river_or_something, minitemple, elyvilon_altar_4, first_bread
D:3:      cheibrodos_ashenzari_chains, cheibriados_altar_wand_db,
          kennysheep_generic_room_16
D:4:      grunt_temple_overflow_forces_of_nature, vehumet_statue,
          overflow_temple_1_default, temple_statues, uniq_edmund
D:5:      uniq_grinder
D:6:      serial_shops, shop
D:7:      kennysheep_little_box, old_standard_altar
D:8:      david_lair_generic, grunt_ogre_cave
Temple:   temple_island_7
Lair:1:   grunt_megastairs_3, lemuel_fruit_fields, serial_bayou_shore_b,
          lemuel_fruit_fields, uniq_nergalle
Lair:2:   minmay_hedge_maze, st_stairs_6, serial_bayou_pond_a,
          serial_bayou_shore_b, uniq_fannar
Lair:3:   grunt_megastairs_2
Lair:4:   minmay_swamp_entry_worms, spider_nest_entry_funnel_web,
          patterned_corridor
Lair:5:   nicolae_volcano_entry_vermiform, lemuel_fruit_fields,
          infiniplex_staircase_pool
Lair:6:   dpeg_slime_entry_corner, minmay_holes, zaba_antful_of_joy,
          grunt_megastairs_1, lemuel_fruit_fields
Volcano:  volcano_village

Skill      XL: |  1  2  3  4  5  6  7  8  9 10 11 12 |
---------------+-------------------------------------+-----
Fighting       | 4 5 6 8 10 11 12 14 | 14.1
Dodging        | 5 6 7 9 |  9.5
Unarmed Combat | 5 6 8 9 10 | 10.8
Evocations     | 2 3 6 7 8 9 10 | 10.7
Stealth        | 3 6 9 12 | 12.6

Action                   |  1- 3 |  4- 6 |  7- 9 | 10-12 || total
-------------------------+-------+-------+-------+-------++-------
Melee: Unarmed           |   127 |   194 |   325 |   553 ||  1199
Evoke: Deck              |       |     5 |    18 |    56 ||    79
       Wand              |       |       |     2 |    34 ||    36
       Fan of gales      |       |       |       |     2 ||     2
  Use: Scroll            |       |    12 |    11 |    15 ||    38
       Potion            |       |     3 |     3 |     4 ||    10
 Stab: Sleeping          |    11 |     9 |     9 |    42 ||    71
       Distracted        |       |     4 |     2 |     6 ||    12
       Paralysed         |       |       |       |     7 ||     7
       Confused          |       |       |       |     2 ||     2
  Eat: Chunk             |     8 |    12 |    19 |    16 ||    55
